Cogmind - Beta 12 @@@ ROGUE MODE // 2023.04.17 @ 14:02:06 Player: Mr Goldstein Result: Destroyed by H-77 Assassin with High-powered Shotgun Performance ------------- Evolutions (6) 3000 Regions Visited (10) 2000 Robots Destroyed (0) 0 Value Destroyed (0) 0 Prototype IDs (1) 20 Alien Tech Used (0) 0 Bonus (3380) 3380 TOTAL SCORE: 8400 Bonus ------- Pacifist 2880 Entered DSFs 500 Cogmind --------- Core Integrity 0/1150 Matter 204/300 Energy 99/100 System Corruption 3% Temperature Cool (0) Movement Core (50) Location -4/Factory Parts ------- > --- POWER (2) -------- (None) > --- PROPULSION (8) --- (None) > --- UTILITY (7) ------ Experimental Melee Analysis Suite > --- WEAPON (2) ------- (None) > --- INVENTORY (5) ---- Micro Nuclear Core Improved Hacking Suite Improved Hacking Suite Advanced Hacking Suite Peak State ------------ > --- POWER ------------ (None) > --- PROPULSION ------- Cesium-ion Thruster Nuclear Pulse Thruster > --- UTILITY ---------- Small Storage Unit Improved Hacking Suite Improved Hacking Suite Improved Hacking Suite Improved Hacking Suite Improved Hacking Suite > --- WEAPON ----------- (None) > --- INVENTORY -------- Micro Nuclear Core Improved Hacking Suite Improved Hacking Suite Advanced Hacking Suite [Rating: 36] Favorites ----------- Power None Propulsion Cesium-ion Thruster Flight Unit Cesium-ion Thruster Utility Improved Hacking Suite Storage Small Storage Unit Processor Machine Analyzer Hackware Improved Hacking Suite Weapon None Build | -11 -10 -9 -8 -7 -7 -6 -6 -6 -5 -4 ------- Run | Jun Mat Mat Mat Fac DSF Fac Was Fac Fac Fac Slots Evolved 12 | . . 2 2 2 . 2 . . 2 2 Power 1 | . . . . . . 1 . . . . Propulsion 6 | . . 2 . 2 . 1 . . . 1 Utility 5 | . . . 2 . . . . . 2 1 Weapon . | . . . . . . . . . . . Parts Attached 21 | 1 . . 1 1 6 . . 7 2 3 Power . | . . . . . . . . . . . Engine . | . . . . . . . . . . . Core . | . . . . . . . . . . . Reactor . | . . . . . . . . . . . Propulsion 10 | . . . 1 . 6 . . 2 . 1 Treads . | . . . . . . . . . . . Leg . | . . . . . . . . . . . Wheel . | . . . . . . . . . . . Hover . | . . . . . . . . . . . Flight 10 | . . . 1 . 6 . . 2 . 1 Utility 11 | 1 . . . 1 . . . 5 2 2 Device . | . . . . . . . . . . . Storage 3 | 1 . . . . . . . . 1 1 Processor 2 | . . . . 1 . . . . . 1 Hackware 6 | . . . . . . . . 5 1 . Protection . | . . . . . . . . . . . Artifact . | . . . . . . . . . . . Weapon . | . . . . . . . . . . . Energy Gun . | . . . . . . . . . . . Energy Cannon . | . . . . . . . . . . . Ballistic Gun . | . . . . . . . . . . . Ballistic Cannon . | . . . . . . . . . . . Launcher . | . . . . . . . . . . . Special Weapon . | . . . . . . . . . . . Impact Weapon . | . . . . . . . . . . . Slashing Weapon . | . . . . . . . . . . . Piercing Weapon . | . . . . . . . . . . . Special Melee Weapon . | . . . . . . . . . . . Unidentified Prototypes 1 | . . . . . . . . . . 1 Parts Lost 12 | . . . 1 . 7 . . . . 4 Power . | . . . . . . . . . . . Propulsion 10 | . . . 1 . 6 . . . . 3 Utility 2 | . . . . . 1 . . . . 1 Weapon . | . . . . . . . . . . . Highest Loss Streak 7 | . . . 1 . 7 . . . . 1 To Critical Strikes . | . . . . . . . . . . . Average Slot Usage (%) 14 | . . . . 5 11 . . 26 45 30 Flight 3 | . . . . . 9 . . 7 11 5 Storage 1 | . . . . . . . . . 3 4 Processor 1 | . . . . 5 1 . . . . . Hackware 8 | . . . . . . . . 17 29 20 Naked Turns 382 | . 42 51 116 29 16 22 57 34 . 15 Heaviest Build 5 | 5 . . . . . . . . 5 5 Greatest Support 20 | 3 3 3 4 3 20 3 3 11 11 11 Greatest Overweight (x) 1 | 1 . . . . . . . . . 1 Average Overweight (x) . | . . . . . . . . . . . Largest Inventory Capacity 8 | 8 5 5 5 5 5 5 5 5 8 8 Average Capacity 5 | 7 5 5 5 5 5 5 5 5 6 7 Most Carried 5 | . 1 2 3 4 4 4 4 5 5 5 Average Carried 3 | . 1 1 2 3 4 4 4 4 3 4 Final Capacity 5 | 5 5 5 5 5 5 5 5 5 5 5 Final Carried 5 | 1 1 2 2 4 4 4 4 5 4 4 Class Distribution -------------------- 62% | Mutant 19% | Wizard-Mutant 17% | Hacker-Mutant Dominant Class ---------------- Mutant | -10/Materials Mutant | -9/Materials Mutant | -8/Materials Mutant | -7/Factory Mutant | -7/DSF Mutant | -6/Factory Mutant | -6/Waste Hacker-Mutant | -6/Factory Wizard-Mutant | -5/Factory Wizard-Mutant | -4/Factory Resources | -11 -10 -9 -8 -7 -7 -6 -6 -6 -5 -4 ----------- Run | Jun Mat Mat Mat Fac DSF Fac Was Fac Fac Fac Matter Collected 249 | . . . 200 . . 40 . . . 9 Remotely . | . . . . . . . . . . . Salvage Created . | . . . . . . . . . . . Parts . | . . . . . . . . . . . Haulers Intercepted . | . . . . . . . . . . . Recyclers Shooed . | . . . . . . . . . . . Parts Field Recycled . | . . . . . . . . . . . Retrieved Matter . | . . . . . . . . . . . Parts Self-Destructed . | . . . . . . . . . . . Prevented . | . . . . . . . . . . . Kills | -11 -10 -9 -8 -7 -7 -6 -6 -6 -5 -4 ------- Run | Jun Mat Mat Mat Fac DSF Fac Was Fac Fac Fac Combat Hostiles Destroyed . | . . . . . . . . . . . Classes Destroyed . | . . . . . . . . . . . Best Kill Streak . | . . . . . . . . . . . Combat Bots Only . | . . . . . . . . . . . Max Kills in Single Turn . | . . . . . . . . . . . Gunslinging . | . . . . . . . . . . . Exploded . | . . . . . . . . . . . Melee . | . . . . . . . . . . . Uniques/NPCs Destroyed . | . . . . . . . . . . . Combat | -11 -10 -9 -8 -7 -7 -6 -6 -6 -5 -4 -------- Run | Jun Mat Mat Mat Fac DSF Fac Was Fac Fac Fac Damage Taken 3055 | . 53 325 533 . 616 . . 55 120 1353 Core 2671 | . 53 325 499 . 491 . . 55 92 1156 Absorbed by Shields 28 | . . . . . 28 . . . . . Core Remaining (%) 59 | 100 78 18 9 . 29 . . 93 90 . Volleys Fired . | . . . . . . . . . . . Largest . | . . . . . . . . . . . Hottest . | . . . . . . . . . . . Shots Fired . | . . . . . . . . . . . Gun . | . . . . . . . . . . . Cannon . | . . . . . . . . . . . Launcher . | . . . . . . . . . . . Special . | . . . . . . . . . . . Kinetic . | . . . . . . . . . . . Thermal . | . . . . . . . . . . . Explosive . | . . . . . . . . . . . Electromagnetic . | . . . . . . . . . . . Robot Hit Streak . | . . . . . . . . . . . Robot Miss Streak . | . . . . . . . . . . . Penetration Max . | . . . . . . . . . . . Secondary Targets . | . . . . . . . . . . . Shots Hit Robots . | . . . . . . . . . . . Core Hits 2 | . . . 2 . . . . . . . Critical Kills . | . . . . . . . . . . . Critical Parts Destroyed . | . . . . . . . . . . . Critical Strikes . | . . . . . . . . . . . Melee Attacks . | . . . . . . . . . . . Impact . | . . . . . . . . . . . Slashing . | . . . . . . . . . . . Piercing . | . . . . . . . . . . . Sneak Attacks . | . . . . . . . . . . . Combat Hostiles . | . . . . . . . . . . . Follow-up Attacks . | . . . . . . . . . . . Damage Inflicted 32 | . . 9 23 . . . . . . . Guns . | . . . . . . . . . . . Cannons . | . . . . . . . . . . . Explosions . | . . . . . . . . . . . Melee . | . . . . . . . . . . . Ramming 32 | . . 9 23 . . . . . . . Kinetic . | . . . . . . . . . . . Thermal . | . . . . . . . . . . . Explosive . | . . . . . . . . . . . Electromagnetic . | . . . . . . . . . . . Impact . | . . . . . . . . . . . Slashing . | . . . . . . . . . . . Piercing . | . . . . . . . . . . . Highest Corruption 3 | . . . . . . . . 1 . 3 Average Corruption 1 | . . . . . . . . 1 . 3 Corruption Purged . | . . . . . . . . . . . Corruption Blocked . | . . . . . . . . . . . Effects 1 | . . . . . . . . 1 . . Matter Fused 1 | . . . . . . . . 1 . . Overload Shots . | . . . . . . . . . . . Overflow Damage . | . . . . . . . . . . . Projectiles . | . . . . . . . . . . . Explosions . | . . . . . . . . . . . Melee . | . . . . . . . . . . . Knockbacks . | . . . . . . . . . . . Impact . | . . . . . . . . . . . Kinetic . | . . . . . . . . . . . Secondary . | . . . . . . . . . . . Self-Inflicted Damage 14 | . . 4 10 . . . . . . . Shots . | . . . . . . . . . . . Rammed 9 | . . 2 7 . . . . . . . Targets Rammed 9 | . . 2 7 . . . . . . . Kicked . | . . . . . . . . . . . Crushed . | . . . . . . . . . . . Highest Temperature 7 | . . . . . . . . . 7 . Average Temperature 7 | . . . . . . . . . 7 . Received Heat Transfer 572 | . 30 81 270 . 20 . . 27 54 90 Siege Activations . | . . . . . . . . . . . Robots Corrupted . | . . . . . . . . . . . Combat Hostiles . | . . . . . . . . . . . Parts Fried . | . . . . . . . . . . . Impact Corruptions . | . . . . . . . . . . . Robots Melted . | . . . . . . . . . . . Combat Hostiles . | . . . . . . . . . . . Parts Melted . | . . . . . . . . . . . Heat Transferred . | . . . . . . . . . . . Parts Sabotaged . | . . . . . . . . . . . Parts Stolen . | . . . . . . . . . . . Parts Stripped . | . . . . . . . . . . . Power Chain Reactions . | . . . . . . . . . . . Missiles Intercepted . | . . . . . . . . . . . Alert | -11 -10 -9 -8 -7 -7 -6 -6 -6 -5 -4 ------- Run | Jun Mat Mat Mat Fac DSF Fac Was Fac Fac Fac Peak Influence 173 | . 15 70 157 66 46 . . 15 15 173 Initial 66 | . . 5 29 66 46 . . . 7 7 Average 45 | . 5 32 80 66 28 . . 2 10 81 Maximum Alert Level . | . . . . . . . . . . . Low Security (%) 100 | 100 100 100 100 100 100 100 100 100 100 100 Level 1 . | . . . . . . . . . . . Level 2 . | . . . . . . . . . . . Level 3 . | . . . . . . . . . . . Level 4 . | . . . . . . . . . . . Level 5 . | . . . . . . . . . . . High Security . | . . . . . . . . . . . Max Security . | . . . . . . . . . . . Squads Dispatched 7 | . 1 1 1 . . . . 1 1 2 Investigation 4 | . 1 . . . . . . 1 . 2 Extermination . | . . . . . . . . . . . Reinforcement 3 | . . 1 1 . . . . . 1 . Assault . | . . . . . . . . . . . Garrison . | . . . . . . . . . . . Intercept . | . . . . . . . . . . . Searches Triggered . | . . . . . . . . . . . Construction Impeded . | . . . . . . . . . . . Haulers Reinforced . | . . . . . . . . . . . Active Scanning Responses . | . . . . . . . . . . . Cargo Convoy Interrupts . | . . . . . . . . . . . Stealth | -11 -10 -9 -8 -7 -7 -6 -6 -6 -5 -4 --------- Run | Jun Mat Mat Mat Fac DSF Fac Was Fac Fac Fac Distress Signals 3 | . 1 . 1 . . . . . . 1 Communications Jammed . | . . . . . . . . . . . Distress Signals . | . . . . . . . . . . . Times Spotted 55 | . 4 10 16 . 3 . . 9 3 10 Peak Tracking Total 15 | . 4 10 15 . 3 . . 10 3 10 Tactical Retreats 6 | . . . 3 . . . . . . 3 Traps | -11 -10 -9 -8 -7 -7 -6 -6 -6 -5 -4 ------- Run | Jun Mat Mat Mat Fac DSF Fac Was Fac Fac Fac Traps Triggered 7 | . 1 . . 1 1 1 . 1 . 2 Indirectly . | . . . . . . . . . . . Trap Hack Attempts . | . . . . . . . . . . . Triggered . | . . . . . . . . . . . Disarmed . | . . . . . . . . . . . Reprogrammed . | . . . . . . . . . . . Reused . | . . . . . . . . . . . Traps Extracted . | . . . . . . . . . . . Installed . | . . . . . . . . . . . Triggered . | . . . . . . . . . . . Machines | -11 -10 -9 -8 -7 -7 -6 -6 -6 -5 -4 ---------- Run | Jun Mat Mat Mat Fac DSF Fac Was Fac Fac Fac Machines Disabled . | . . . . . . . . . . . Max in Single Turn . | . . . . . . . . . . . Machines Repaired . | . . . . . . . . . . . Machines Sabotaged . | . . . . . . . . . . . Overloaded Fab Kills . | . . . . . . . . . . . Hacking | -11 -10 -9 -8 -7 -7 -6 -6 -6 -5 -4 --------- Run | Jun Mat Mat Mat Fac DSF Fac Was Fac Fac Fac Machines Accessed 10 | . . 2 1 1 . . . 1 2 3 Terminals 9 | . . 2 1 1 . . . 1 2 2 Fabricators 1 | . . . . . . . . . . 1 Repair Stations . | . . . . . . . . . . . Recycling Units . | . . . . . . . . . . . Scanalyzers . | . . . . . . . . . . . Garrison Access . | . . . . . . . . . . . Total Hacks 17 | . . 3 2 1 . . . 2 4 5 Successful 10 | . . 2 1 1 . . . . 3 3 Failed 7 | . . 1 1 . . . . 2 1 2 Catastrophic . | . . . . . . . . . . . Database Lockouts . | . . . . . . . . . . . Manual 10 | . . . . . . . . 2 3 5 Terminals 16 | . . 3 2 1 . . . 2 4 4 Fabricators 1 | . . . . . . . . . . 1 Repair Stations . | . . . . . . . . . . . Recycling Units . | . . . . . . . . . . . Scanalyzers . | . . . . . . . . . . . Garrison Access . | . . . . . . . . . . . Terminal Hacks 8 | . . 2 1 1 . . . . 3 1 Open DSF 1 | . . . . 1 . . . . . . Level Access Points 3 | . . . 1 . . . . . 1 1 Zone Layout 4 | . . 2 . . . . . . 2 . Fabricator Hacks . | . . . . . . . . . . . Repair Station Hacks . | . . . . . . . . . . . Recycling Unit Hacks . | . . . . . . . . . . . Scanalyzer . | . . . . . . . . . . . Garrison Access Hacks . | . . . . . . . . . . . Unauthorized Hacks 2 | . . . . . . . . . . 2 Terminals 1 | . . . . . . . . . . 1 Assimilate 1 | . . . . . . . . . . 1 Fabricators 1 | . . . . . . . . . . 1 Overload 1 | . . . . . . . . . . 1 Repair Stations . | . . . . . . . . . . . Recycling Units . | . . . . . . . . . . . Scanalyzers . | . . . . . . . . . . . Garrison Access . | . . . . . . . . . . . Data Cores Recovered . | . . . . . . . . . . . Used . | . . . . . . . . . . . Hacking Detections 4 | . . 1 1 . . . . 1 . 1 Full Trace Events 2 | . . . . . . . . 1 . 1 Feedback Events 1 | . . . . . . . . 1 . . Corruption 1 | . . . . . . . . 1 . . Feedback Blocked . | . . . . . . . . . . . Robot Schematics Acquired . | . . . . . . . . . . . Robots Built . | . . . . . . . . . . . Authchips . | . . . . . . . . . . . Time . | . . . . . . . . . . . Total Robot Build Rating . | . . . . . . . . . . . Part Schematics Acquired . | . . . . . . . . . . . Parts Built . | . . . . . . . . . . . Authchips . | . . . . . . . . . . . Time . | . . . . . . . . . . . Total Part Build Rating . | . . . . . . . . . . . Parts Repaired . | . . . . . . . . . . . Time . | . . . . . . . . . . . Parts Recycled . | . . . . . . . . . . . Recycled Matter . | . . . . . . . . . . . Retrieved Matter . | . . . . . . . . . . . Retrieved Components . | . . . . . . . . . . . Parts Scanalyzed . | . . . . . . . . . . . Part Schematics Acquired . | . . . . . . . . . . . Parts Damaged . | . . . . . . . . . . . Bothacking | -11 -10 -9 -8 -7 -7 -6 -6 -6 -5 -4 ------------ Run | Jun Mat Mat Mat Fac DSF Fac Was Fac Fac Fac Used RIF Installer . | . . . . . . . . . . . Robots Hacked . | . . . . . . . . . . . Non-combat . | . . . . . . . . . . . Combat . | . . . . . . . . . . . Robot Hacks Applied . | . . . . . . . . . . . Relay Couplers Released . | . . . . . . . . . . . Fabnet Peak Effective % . | . . . . . . . . . . . Robots Rewired . | . . . . . . . . . . . Allies Hacked . | . . . . . . . . . . . Hacks Repelled . | . . . . . . . . . . . Allies | -11 -10 -9 -8 -7 -7 -6 -6 -6 -5 -4 -------- Run | Jun Mat Mat Mat Fac DSF Fac Was Fac Fac Fac Total Allies 1 | . . . . . . . . . . 1 Largest Group 1 | . . . . . . . . . . 1 Highest-Rated Group 26 | . . . . . . . . . . 26 Highest-Rated Ally 26 | . . . . . . . . . . 26 Total Orders . | . . . . . . . . . . . Ally Attacks . | . . . . . . . . . . . Total Damage . | . . . . . . . . . . . Kills . | . . . . . . . . . . . Allies Corrupted . | . . . . . . . . . . . Allies Melted . | . . . . . . . . . . . Intel | -11 -10 -9 -8 -7 -7 -6 -6 -6 -5 -4 ------- Run | Jun Mat Mat Mat Fac DSF Fac Was Fac Fac Fac Robot Analysis Total . | . . . . . . . . . . . Derelict Logs Recovered . | . . . . . . . . . . . Drone Launches . | . . . . . . . . . . . Drone Recoveries . | . . . . . . . . . . . Exploration | -11 -10 -9 -8 -7 -7 -6 -6 -6 -5 -4 ------------- Run | Jun Mat Mat Mat Fac DSF Fac Was Fac Fac Fac Turns Passed 861 | 21 42 51 118 143 43 22 57 122 37 205 Spaces Moved 1698 | 22 84 96 219 248 64 44 114 265 100 442 Core 1045 | 22 84 96 217 248 54 44 114 66 . 100 Treads . | . . . . . . . . . . . Legs . | . . . . . . . . . . . Wheels . | . . . . . . . . . . . Hover . | . . . . . . . . . . . Flight 653 | . . . 2 . 10 . . 199 100 342 Fastest Speed 26 | 50 50 50 35 50 26 50 50 34 34 34 Average Speed 46 | 88 50 50 49 50 46 50 50 38 34 44 Slowest Speed 100 | 100 50 50 50 50 50 50 50 50 34 100 Overloaded Moves . | . . . . . . . . . . . Propulsion Burnouts . | . . . . . . . . . . . Robots Hopped 6 | . . . 1 . . . . 1 2 2 Cave-ins Triggered . | . . . . . . . . . . . Exploration Rate (%) 24 | 3 25 15 33 9 83 2 68 10 5 17 Regions Visited 10 Branch Regions . Pre-discovered Areas . | . . . . . . . . . . . Known Exits Taken 3 | . . . 1 1 . . . . 1 . Unknown Exits Taken 4 | 1 1 1 . . . . . 1 . . Scrap Searched . | . . . . . . . . . . . Spaces Dug . | . . . . . . . . . . . Terrain Destroyed . | . . . . . . . . . . . Melee . | . . . . . . . . . . . Projectile . | . . . . . . . . . . . AOE . | . . . . . . . . . . . Terrain Rammed . | . . . . . . . . . . . Walls Destroyed . | . . . . . . . . . . . Machines Disabled . | . . . . . . . . . . . Actions | -11 -10 -9 -8 -7 -7 -6 -6 -6 -5 -4 --------- Run | Jun Mat Mat Mat Fac DSF Fac Was Fac Fac Fac Total 1752 | 23 83 98 226 265 73 44 113 281 100 446 Wait . | . . . . . . . . . . . Move 1677 | 21 83 95 216 247 63 44 113 262 95 438 Hop 6 | . . . 1 . . . . 1 2 2 Pick Up 9 | . . 1 1 2 . . . 3 . 2 Fast Attach 13 | 1 . . . 1 6 . . 4 . 1 Attach 7 | . . . 1 . . . . 2 2 2 Detach 2 | 1 . . . . . . . . 1 . Swap 1 | . . . . . . . . 1 . . Drop 1 | . . . . . . . . . . 1 Fire . | . . . . . . . . . . . Melee . | . . . . . . . . . . . Ram 9 | . . 2 7 . . . . . . . Kick . | . . . . . . . . . . . Crush . | . . . . . . . . . . . Escape Stasis 26 | . . . . 15 3 . . 8 . . Rewire 1 | . . . . . 1 . . . . . Trap . | . . . . . . . . . . . Miscellaneous . | . . . . . . . . . . . Route ------- -11/Junkyard -10/Materials -9/Materials -8/Materials (discovered 3 exits: *Fac x3) -7/Factory -7/DSF -6/Factory -6/Waste -6/Factory -5/Factory (discovered 4 exits: *Fac x4) -4/Factory (discovered 4 exits: Res x4) History --------- Turn | Location | Event 7 | -11/Junkyard | Discovered new exit (range 16) 22 | -11/Junkyard | Entered Materials 58 | -10/Materials | Discovered new exit (range 13) 64 | -10/Materials | Entered another Materials area 64 | -9/Materials | Evolved 2 slots: Propulsion x2 102 | -9/Materials | Core integrity fell below 50% 109 | -9/Materials | Discovered new exit (range 14) 115 | -9/Materials | Core integrity fell below 20% 115 | -9/Materials | Entered another Materials area 115 | -8/Materials | Evolved 2 slots: Utility x2 156 | -8/Materials | Identified exit to Factory 200 | -8/Materials | Core integrity fell below 50% 225 | -8/Materials | Core integrity fell below 20% 233 | -8/Materials | Entered Factory 233 | -7/Factory | Evolved 2 slots: Propulsion x2 302 | -7/Factory | Build established: Mutant 376 | -7/Factory | Identified exit to DSF 376 | -7/Factory | Entered DSF 402 | -7/DSF | Additional patrols routed to DSF 404 | -7/DSF | Core integrity fell below 50% 413 | -7/DSF | Discovered new exit (range 11) 419 | -7/DSF | Entered Factory 419 | -6/Factory | Evolved 2 slots: Power x1, Propulsion x1 441 | -6/Factory | Sucked down chute 441 | -6/Factory | Entered Waste 441 | -6/Waste | The area was eerily silent 443 | -6/Waste | Lost 7 parts (6n1u) 470 | -6/Waste | Discovered new exit (range 13) 498 | -6/Waste | Entered Factory 617 | -6/Factory | Discovered new exit (range 7) 620 | -6/Factory | Entered another Factory area 620 | -5/Factory | Evolved 2 slots: Utility x2 631 | -5/Factory | Identified exit to Factory 657 | -5/Factory | Entered another Factory area 657 | -4/Factory | Evolved 2 slots: Propulsion x1, Utility x1 737 | -4/Factory | Identified exit to Research 829 | -4/Factory | Core integrity fell below 50% 844 | -4/Factory | Core integrity fell below 20% 850 | -4/Factory | Found Prototype Processor 850 | -4/Factory | Identified Exp. Melee Analysis Suite 862 | -4/Factory | Destroyed by H-77 Assassin with High-powered Shotgun Last Messages --------------- 00843_ Penetrated by Slug. 00850_ Acquired Prototype Processor. 00850_ Identified Exp. Melee Analysis Suite. 00852_ Connecting with Fabricator... >>Force(Overload) EM_IMPRINTER_OVERLOAD 00852_ ALERT: Suspicious activity at Fabricator F006. Dispatching Investigation squad. 00853_ Fabricator zaps Cogmind with an electromagnetic arc. 00856_ Penetrated by Slug. 00856_ Slug penetrates Wall. 00856_ Penetrated by Slug. 00857_ Field Propulsion Drive destroyed. 00857_ Slug penetrates Wall. 00858_ Penetrated by Slug. 00859_ Slug penetrates Wall. 00859_ Penetrated by Slug. 00861_ Slug penetrates Wall. 00862_ Penetrated by Slug. 00862_ K-01 Serf destroyed. Map ----- +----------------------------------------------------+ | ?????????????????????????????????????????????????? | | ?????????????????????????????????????????????????? | | ?????????????????????????????????????????????????? | | ?????????????????????????????????????????????????? | | ?????????????????????????????????????????????????? | | ?????????????????????????????????????????????????? | | ?????????????????????????????????????????????????? | | ?????????##########?###########??????????????????? | | ?????????# !#?# #???????####??#????? | | ?????????#"" #?# / #???#??? #????? | | ?????????#"" #?# #???# """ """ #????? | | ?????????#""" #?# ! #???# """ """ #????? | | ?????????#""" ""#?# #???# """ """ #????? | | ?????????#""" F"#?#= #???# "" "" #????? | | ?????????# "#?# #???#! "" "" #????? | | ?????????# ""#?# #???# #????? | | ?????????#! ! #?#####+#####???# #????? | | ?????????#####+####?#; !##########"########## | | ???????????# ##### # ] | | ???????????# h ^ t # """ | | ???????????# # """ | | ???????????# ^ # """ | | ???????????# ##### h Y # | | ???????????#######???# ######### # """ | | ?????????????????????### ###???????# # """ | | ???????????????????????# @ #?????????# # """ | | ???????????????????????# #?????????# # | | ???????????????????????# %########??# + """ | | ???????????????????????# !## #??# " """ | | ???????????????????????# #??# # """ | | ???????????????????????# #??####### | | ???????????????????????# #????????# """ | | ???????????????????????###### #????????# """ | | ????????????????????????????## ##?######## """ | | ?????????????????????????????# # ## | | ?????????????????????????????# + """""??# | | ?????????????????????????????# # ""T""??####### | | ???????????????????########### #?? ???????? | | ???????????????????# #???? #??????? | | ???????????????????# #??????" #??????? | | ???????????????????+ #????????#??????? | | ???????????????????# ######???????????????? | | ???????????????????# #????????????????????? | | ???????????????????# #????????????????????? | | ???????????????????# #????????????????????? | | ???????????????????# #????????????????????? | | ???????????????????###### #????????????????????? | | ????????????????????????# ###########??????????? | | ?????????????????????#### #??????????? | | ?????????????????????# #??????????? | +----------------------------------------------------+ Best States ------------- Heat Dissipation 43 Energy Generation 5 Energy Capacity 100 Matter Stores 300 Matter Capacity 300 Sight Range 16 Terrain Scan Density 10 Evasion (%) 63 Melee Accuracy 12 Offensive Hacking 60 Item Schematics ----------------- None Robot Schematics ------------------ None Fabricated ------------ Nothing Alien Tech Used ----------------- None Achievements -------------- None Challenges ------------ None Game ------ Seed MassAutogunBay Manual? 0 Play Time 00:15:51 Cumulative 118.5 hours Start 2023.04.17 @ 13:49:13 End 2023.04.17 @ 14:02:06 Sessions 1 Manual Loads 0 Difficulty Rogue Special Mode None Game No. 338 Rogue 338 Adventurer 0 Explorer 0 Win Type - Total 4 Types 4/0/0/0/0/0/0/0/0 Lore% 59 Gallery% 60 Achievement% 53 Wizard Run 0 Options --------- ASCII 0 Keyboard 0 Movement Numpad Keybinds 0 Fullscreen 1 Font 12/Smallcaps Map View 83x54 Tactical HUD 1 Map Filters NONE Filters NONE Steam 1 RUN: a2209bea-368c-4496-b86f-f005670c7d80